 Dungeon Crawl Stone Soup version 0.25.0-41-g26779e291d (webtiles) character file.

Game seed: 10719241466131106695

64 Ethylacetat the Stinger (level 4, -3/27 HPs)
             Began as an Octopode Venom Mage on July 10, 2020.
             Slain by a goblin
             ... wielding a +0 club
             ... led by Robin
              (6 damage)
             ... on level 1 of the Dungeon.
             The game lasted 00:03:55 (1326 turns).

Ethylacetat the Stinger (Octopode Venom Mage)       Turns: 1326, Time: 00:03:56

Health: -3/27      AC:  1    Str:  7    XL:     4   Next: 12%
Magic:  0/7        EV: 13    Int: 18    God:
Gold:   46         SH:  0    Dex: 12    Spells: 6/7 levels left

rFire    . . .     SeeInvis .   (no weapon)
rCold    . . .     Gourm    .   (no shield)
rNeg     . . .     Faith    .   (helmet restricted)
rPois    .         Spirit   .   d - amulet of magic regeneration
rElec    .         Reflect  .   (no ring)
rCorr    .         Harm     .   (no ring)
MR       .....                  (no ring)
Stlth    +++.......             (no ring)
HPRegen  0.09/turn              (no ring)
MPRegen  0.35/turn              (no ring)
                                (no ring)
                                (no ring)

@: very slightly contaminated
A: almost no armour, stealthy swim, amphibious, 8 rings, constrict 8, camouflage
1, gelatinous body 1
a: no special abilities


You were on level 1 of the Dungeon.
You were not hungry.

You visited 1 branch of the dungeon, and saw 2 of its levels.

You collected 46 gold pieces.

Inventory:

Jewellery
 d - an amulet of magic regeneration (around mantle)
Scrolls
 c - 5 scrolls of identify {unknown}
 e - 2 scrolls of remove curse {unknown}
 g - a scroll of fog {unknown}
Potions
 f - a potion of degeneration {unknown}
 h - a potion of heal wounds {unknown}
Comestibles
 a - a chunk of flesh
 b - a ration


   Skills:
 - Level 2.0 Dodging
 - Level 2.6 Stealth
 + Level 2.4 Spellcasting
 * Level 2.4 Transmutations
 * Level 4.6 Poison Magic


You had 6 spell levels left.
You knew the following spells:

 Your Spells              Type           Power        Failure   Level  Hunger
a - Sting                 Tmut/Pois      ###.         4%          1    #......

Your spell library contained the following spells:

 Spells                   Type           Power        Failure   Level  Hunger
 Poisonous Vapours        Pois/Air       ##....       10%         2    ##.....
 Ignite Poison            Fire/Tmut/Pois ##......     19%         3    ###....
 Mephitic Cloud           Conj/Pois/Air  #.......     26%         3    ###....
 Olgreb's Toxic Radiance  Pois           ###.....     26%         4    #####..


Dungeon Overview and Level Annotations

Branches:
Dungeon (2/15)

Altars:

Annotations:
D:2 Robin


Innate Abilities, Weirdness & Mutations

You cannot wear most types of armour.
You are very stealthy in the water. (Stealth+)
You are amphibious.
You can wear up to eight rings at the same time.
You can use your tentacles to constrict eight enemies at once.
Your skin changes colour to match your surroundings (Stealth+).
Your rubbery body absorbs attacks. (AC +1, EV +1)


Message History

The sting hits the goblin.
The goblin is poisoned.
The goblin is moderately wounded.
The goblin barely misses you.
You tentacle-slap the goblin.
You kill the goblin!
Casting: Sting (safe; 4% risk of failure)
Confirm with . or Enter, or press ? or * to list all spells.
Aiming: Sting (safe; 4% risk of failure)
Press: ? - help, Shift-Dir - straight line, f - goblin
Aim: a goblin, wielding a +0 club (strong)
The sting misses the goblin.
The goblin hits you with a +0 club.
* * * LOW HITPOINT WARNING * * *
Casting: Sting (safe; 4% risk of failure)
Confirm with . or Enter, or press ? or * to list all spells.
Aiming: Sting (safe; 4% risk of failure)
Press: ? - help, Shift-Dir - straight line, f/p - goblin
Aim: a goblin, wielding a +0 club (strong)
You miscast Sting.
Nothing appears to happen.
The goblin hits you with a +0 club.
You die...

## ### #. #.# #[
###########.#######.
#.............##....
#.#######....###....
#.#...).......##....
#.#g###.#.....##....
#.#@#...>...........
##.#.#.#......###.#..
#..#.#.#.............
###.##.#.#...######.#..
#........#...# #....
#.#..........##########
#.######.##............
#.# #.###..#########
#.# #.###..#....^...


You could see a goblin (strong).

Vanquished Creatures
  A worker ant (D:2)
  2 bats
  3 giant cockroaches
  11 goblins
  7 hobgoblins
  4 kobolds
  4 frilled lizards
  3 rats
35 creatures vanquished.

Notes
Turn   | Place    | Note
-------+----------+-------------------------------------------
     0 | D:1      | Ethylacetat the Octopode Venom Mage began the quest for the
                  | Orb.
     0 | D:1      | Reached XP level 1. HP: 11/11 MP: 3/3
   186 | D:1      | Reached XP level 2. HP: 17/17 MP: 1/5
   298 | D:1      | Reached skill level 4 in Poison Magic
  1057 | D:1      | Reached XP level 3. HP: 21/21 MP: 4/6
  1289 | D:2      | Noticed Robin
  1299 | D:2      | Reached XP level 4. HP: 27/27 MP: 2/7
  1326 | D:1      | Slain by a goblin

Illustrated notes

Levels and vault maps discovered:
D:1:      lemuel_arrival_room, layout_basic
D:2:      layout_basic, uniq_robin

Skill      XL: |  1  2  3 |
---------------+----------+-----
Poison Magic   | 4 |  4.6
Transmutations | 2 |  2.4
Dodging        | |  2.0
Stealth        | |  2.6
Spellcasting   | |  2.4

Action                   |  1- 3 |  4- 6 || total
-------------------------+-------+-------++-------
Melee: Unarmed           |    32 |     1 ||    33
       Constrict         |     6 |       ||     6
       Tentacles         |     5 |       ||     5
 Cast: Sting             |    45 |    11 ||    56
 Stab: Sleeping          |     1 |       ||     1
  Eat: Chunk             |     2 |       ||     2
Armor: Skin              |     8 |     2 ||    10
Dodge: Dodged            |    22 |     8 ||    30
